 Dungeon Crawl Stone Soup version 0.29.1-12-g30fa7ad0bf (webtiles) character file.

Game seed: 9516663842730007620

59 u553311 the Digger (level 4, -4/33 HPs)
             Began as a Meteoran Earth Elementalist on Jan 15, 2023.
             Killed from afar by an orc wizard (7 damage)
             ... with a puff of flame
             ... on level 3 of the Dungeon.
             The game lasted 00:09:16 (810 turns).

u553311 the Digger (Meteoran Earth Elementalist)     Turns: 810, Time: 00:09:17

Health: -4/33      AC:  6    Str:  9    XL:     4   Next: 46%
Magic:  5/9        EV: 13    Int: 19    God:
Gold:   103        SH:  0    Dex: 14    Spells: 8/9 levels left

rFire   . . .      SeeInvis .   i - staff of poison
rCold   . . .      Faith    .   (no shield)
rNeg    . . .      Spirit   .   a - +0 robe
rPois   +          Reflect  .   (no helmet)
rElec   .          Harm     .   j - +2 cloak
rCorr   .          Rampage  .   (no gloves)
Will    .....                   g - +0 pair of boots
Stlth   +.........              (no amulet)
HPRegen 0.11/turn               (no ring)
MPRegen 0.11/turn               (no ring)

@: glowing
A: sense surroundings 1, otherworldly, glowing, explore regen
a: no special abilities


You were on level 3 of the Dungeon.
You visited 1 branch of the dungeon, and saw 3 of its levels.

You collected 103 gold pieces.

Inventory:

Hand Weapons
 d - a +0 whip of flaming
Missiles
 e - 16 stones
Armour
 a - a +0 robe (worn)
 g - a +0 pair of boots (worn)
 j - a +2 cloak (worn)
 p - a +0 leather armour
Magical Staves
 i - a staff of poison (weapon)
Scrolls
 f - a scroll of amnesia {unknown}
 k - a scroll of identify {unknown}
 l - a scroll of noise {unknown}
 m - a scroll of vulnerability {unknown}
 n - a scroll of poison {unknown}
 o - a scroll of fear {unknown}
Potions
 b - a potion of magic
 c - a potion of haste {unknown}
 h - a potion of flight {unknown}
 q - a potion of degeneration {unknown}
 r - a potion of lignification {unknown}
 s - a potion of cancellation {unknown}


   Skills:
 + Level 2.9 Dodging
 + Level 1.5 Stealth
 + Level 3.2 Spellcasting
 + Level 1.2 Transmutations
 + Level 5.1 Earth Magic


You had 8 spell levels left.
You knew the following spells:

 Your Spells              Type           Power      Damage    Failure   Level
a - Sandblast             Erth           44%        2d11      1%          1

Your spell library contained the following spells:

 Spells                   Type           Power      Damage    Failure   Level
 Passwall                 Tmut/Erth      12%        N/A       6%          2
 Stone Arrow              Conj/Erth      24%        3d8       16%         3
 Petrify                  Tmut/Erth      15%        N/A       36%         4
 Frozen Ramparts          Ice            6%         1d1       41%         3
 Ice Form                 Ice/Tmut       5%         N/A       75%         4
 Summon Ice Beast         Ice/Summ       3%         N/A       83%         4


Dungeon Overview and Level Annotations

Branches:
Dungeon (2/15) Zot: 963

Altars:


Innate Abilities, Weirdness & Mutations

You passively map a small area around you.
You are easily found by Zot.
You glow in the dark.
You regain HP and MP as you explore.


Message History

You feel sick.
Aiming: Sandblast (safe; 1% risk of failure)
Press: ? - help, Q - select action, (/) - cycle Shift-Dir - straight line, f/p - orc wizard
Aim: an orc wizard, wielding a +0 dagger and wearing a +0 robe (79% to hit)
The blast of sand hits the orc wizard!
The orc wizard is heavily wounded.
You feel sick. The orc wizard barely misses you.
The orc wizard hits you but does no damage.
You feel sick.
You are no longer poisoned.
The orc wizard attacks as you move away!
The orc wizard hits you with a +2 dagger of venom.
You are poisoned.
You feel very sick.
You feel sick.
The orc wizard mumbles some strange words.
The orc wizard flickers and vanishes!
Deactivating autopickup; reactivate with Ctrl-A.
You feel sick.
You feel sick.
A magic dart appears from out of thin air!
The magic dart hits you.
* * * LOW HITPOINT WARNING * * *
Aiming: Sandblast (safe; 1% risk of failure)
Press: ? - help, Q - select action, (/) - cycle Shift-Dir - straight line, f/p - orc wizard
Aim: an orc wizard, wielding a +0 dagger and wearing a +0 robe (79% to hit)
The blast of sand hits the hobgoblin!
You kill the hobgoblin!
You feel sick.
You feel sick.
Found a book of Weapons.
You feel sick.
You feel sick.
You are no longer poisoned.
Something hits you but does no damage.
You hear some strange, mumbled words.
A puff of flame appears from out of thin air!
The puff of flame hits you.
* * * LOW HITPOINT WARNING * * *
A puff of flame appears from out of thin air!
The puff of flame hits you!
You die...

, #.###..### * *
#......# #.###.##
###.###.#### ,,
...........#
*###.###.##.#
#########.# #.# ,#
######......##.###.#* *
#.....@............# ,#
#..{......#.##.###.##.#
##..l####:...##.##......
###
#..###..###..##.#..>...#
..#
#o##......##.#.........#
#.#
#o....##.....#.####.####
#.# #....####......# #.#
##.###....## #....###
#.# #..o.......##.....#
#+#


You could see an orc wizard and a frilled lizard.

Vanquished Creatures
  2 adders (D:2)
  A worm (D:2)
  A dart slug (D:1)
  2 orcs (D:3)
  4 endoplasms
  A giant cockroach (D:2)
  3 hobgoblins
  A quokka (D:1)
  A ball python (D:1)
  6 bats
  3 frilled lizards (D:1)
  A goblin (D:1)
  3 kobolds
  7 rats
36 creatures vanquished.

Notes
Turn   | Place    | Note
-------+----------+-------------------------------------------
     0 | D:1      | u553311 the Meteoran Earth Elementalist began the quest for
                  | the Orb.
     0 | D:1      | Reached XP level 1. HP: 14/14 MP: 5/5
    39 | D:1      | Reached XP level 2. HP: 16/20 MP: 0/6
    71 | D:1      | Reached skill level 4 in Earth Magic
   474 | D:1      | Reached XP level 3. HP: 26/26 MP: 6/8
   489 | D:1      | Glimpsed the power of Zot.
   598 | D:2      | Reached XP level 4. HP: 33/33 MP: 5/9
   603 | D:2      | Reached skill level 5 in Earth Magic
   725 | D:2      | You fall into a shaft and drop 1 floor!
   810 | D:3      | Killed from afar by an orc wizard

Illustrated notes

Levels and vault maps discovered:
D:1:      roderic_octagonal_star, layout_basic,
          chequers_ecumenical_altar_twisty, interstate_on_off, minivault_5,
          minmay_pentomino_z4
D:2:      layout_basic
D:3:      layout_loops_corners, serial_bayou_pond_d, minmay_misc_feat_iff,
          corexii_shack

Skill      XL: |  1  2  3  4 |
---------------+-------------+-----
Earth Magic    | 4 5 |  5.1
Spellcasting   | 3 |  3.2
Dodging        | |  2.9
Stealth        | |  1.5
Transmutations | |  1.2

Action                   |  1- 3 |  4- 6 || total
-------------------------+-------+-------++-------
Melee: Staff             |     7 |     1 ||     8
       Whip              |     1 |       ||     1
 Cast: Sandblast         |    34 |    17 ||    51
Armor: Robe              |     9 |     6 ||    15
Dodge: Dodged            |     8 |     4 ||    12
